 Dungeon Crawl Stone Soup version 0.30.0-16-gbe6223bb7e (webtiles) character file.

Game seed: 13785045195356544819

47 GloriousHammer the Digger (level 3, 0/31 HPs)
             Began as an Ogre Earth Elementalist on May 20, 2023.
             Slain by an orc priest
             ... wielding a +0 hand axe
              (5 damage)
             ... on level 3 of the Dungeon.
             The game lasted 00:07:09 (2193 turns).

GloriousHammer the Digger (Ogre Earth Elementalist) Turns: 2193, Time: 00:07:10

Health: 0/31       AC:  3    Str: 12    XL:     3   Next: 70%
Magic:  2/7        EV:  9    Int: 18    God:
Gold:   145        SH:  0    Dex:  9    Spells: 2/8 levels left

rFire   . . .        d - +0 dagger
rCold   . . .        (no shield)
rNeg    . . .        a - +0 robe
rPois   .            (helmet restricted)
rElec   .            (no cloak)
rCorr   .            (gloves unavailable)
SInv    .            (boots unavailable)
Will    .....        (no amulet)
Stlth   +            (no ring)
HPRegen 0.25/turn    (no ring)
MPRegen 0.10/turn

%: no passive effects
@: attractive
A: large, unfitting armour, tough skin 1
a: no special abilities


You were on level 3 of the Dungeon.
You visited 1 branch of the dungeon, and saw 3 of its levels.

You collected 145 gold pieces.

Inventory:

Hand Weapons
 d - a +0 dagger (weapon)
Armour
 a - a +0 robe (worn)
 j - an orb of energy
Jewellery
 Z - a ring of wizardry
Scrolls
 c - a scroll of blinking {unknown}
 e - a scroll of torment {unknown}
 g - 3 scrolls of identify {unknown}
 h - 2 scrolls of amnesia {unknown}
 k - a scroll of fog {unknown}
Potions
 b - a potion of magic
 f - a potion of attraction
 i - a potion of lignification {unknown}
 l - a potion of flight {unknown}
 m - a potion of mutation {unknown}


   Skills:
 - Level 1.7 Dodging
 - Level 1.4 Stealth
 + Level 3.2 Spellcasting
 + Level 0.4 Conjurations
 + Level 1.7 Transmutations
 + Level 3.2 Earth Magic


You had 2 spell levels left.
You knew the following spells:

 Your Spells              Type           Power      Damage    Failure   Level
a - Sandblast             Erth           28%        2d8       4%          1
b - Passwall              Tmut/Erth      9%         N/A       9%          2
c - Stone Arrow           Conj/Erth      18%        3d8       22%         3

Your spell library contained the following spells:

 Spells                   Type           Power      Damage    Failure   Level
 Petrify                  Tmut/Erth      11%        N/A       50%         4


Dungeon Overview and Level Annotations

Branches:
Dungeon (3/15)

Altars:

Shops:
D:2 (


Innate Abilities, Weirdness & Mutations

You are too large for most types of armour.
You have tough skin. (AC +1)


Message History

There is an open door here.
A rat comes into view.
A rat is nearby!
The blast of sand misses the rat.
The blast of sand hits the rat!
You kill the rat!
Found a stone staircase leading down.
You see here a rat corpse.
Found a club.
You now have 104 gold pieces (gained 8).
Found a robe.
Found a scroll labelled YBRYUVI SUCYU.
k - a scroll labelled YBRYUVI SUCYU A ball python comes into view.
The blast of sand hits the ball python!
You kill the ball python!
You now have 117 gold pieces (gained 13).
A kobold comes into view. It is wielding a +0 short sword.
The kobold shouts!
The blast of sand hits the kobold but does no damage.
You hit the kobold.
The kobold is moderately wounded.
The kobold hits you with a +0 short sword.
You hit the kobold but do no damage.
The kobold is moderately wounded.
The kobold hits you with a +0 short sword.
You barely miss the kobold.
The kobold is moderately wounded.
The kobold closely misses you.
You hit the kobold.
The kobold is severely wounded.
The kobold barely misses you.
You closely miss the kobold.
The kobold is severely wounded.
The kobold hits you but does no damage.
You hit the kobold but do no damage.
The kobold is severely wounded.
The kobold completely misses you.
You hit the kobold.
You kill the kobold!
Things that are here:
a +0 short sword; 14 stones; a +0 leather armour
There is an open door here.
A hobgoblin comes into view.
A hobgoblin is nearby!
The hobgoblin shouts!
Found a red potion.
The blast of sand hits the hobgoblin.
The hobgoblin is lightly wounded.
The hobgoblin barely misses you.
The blast of sand hits the hobgoblin.
The hobgoblin is heavily wounded.
The hobgoblin hits you but does no damage.
The hobgoblin closely misses you.
The blast of sand hits the hobgoblin.
The hobgoblin is severely wounded.
The hobgoblin barely misses you.
You hit the hobgoblin but do no damage.
The hobgoblin is severely wounded.
The hobgoblin hits you.
You barely miss the hobgoblin. Your punch misses the hobgoblin.
The hobgoblin is severely wounded.
The hobgoblin closely misses you.
You closely miss the hobgoblin.
The hobgoblin is heavily wounded.
The hobgoblin closely misses you.
You closely miss the hobgoblin.
The hobgoblin is heavily wounded.
The hobgoblin barely misses you.
You hit the hobgoblin.
The hobgoblin is severely wounded.
The hobgoblin hits you.
You hit the hobgoblin but do no damage.
The hobgoblin is severely wounded.
The hobgoblin completely misses you.
The blast of sand hits the hobgoblin!
You kill the hobgoblin!
l - a red potion You see here a +0 hand axe.
As you open the door, it creaks loudly!
There is an open door here.
A goblin comes into view. It is wielding a +0 club.
Found a scroll labelled COITOELELL.
A goblin is nearby!
The goblin shouts!
The goblin unwields a +0 club.
The goblin wields a +0 sling.
The goblin shoots a sling bullet.
The sling bullet closely misses you.
You miscast Sandblast.
You are very lightly contaminated with residual magic.
Nothing appears to happen.
The goblin shoots a sling bullet.
The sling bullet closely misses you.
The blast of sand hits the goblin.
You kill the goblin!
Things that are here:
a +0 sling; a +0 club
g - 3 scrolls labelled COITOELELL (gained 1)
Your magical contamination has completely faded away.
Found a stone staircase leading up.
There is a stone staircase leading down here.
There is an open door here.
You see here a +0 club.
A kobold comes into view. It is wielding a +0 dagger.
Found a fizzy puce potion.
The kobold shouts!
The blast of sand hits the kobold.
The kobold is severely wounded.
A kobold is nearby!
The blast of sand hits the kobold.
You kill the kobold!
You see here a +0 dagger.
m - a fizzy puce potion You see here a +0 dagger.
You see here a +0 dagger.
You see here a +0 mace.
There is an open door here.
You open the door.
There is an open door here.
Found a human corpse.
A bat comes into view.
Found a club.
Found Hyeghiph's Weapon Boutique.
The bat hits you but does no damage.
A bat is nearby!
The blast of sand hits the bat!
You kill the bat!
You see here a bat corpse.
Found 16 gold pieces.
You see here a human corpse.
There is an entrance to Hyeghiph's Weapon Boutique here.
Welcome back, GloriousHammer the Ogre Earth Elementalist.
Press ? for a list of commands and other information.
Magic restored.
You now have 133 gold pieces (gained 16).
You now have 145 gold pieces (gained 12).
You see here a +0 whip.
There is an open door here.
Done exploring.
Done exploring.
Search for what [? for help]? .
Okay, then.
Cast which spell? (? or * to list)
Okay, then.
Cast which spell? (? or * to list)
Okay, then.
(D) Dungeon
Where to? (? - help)
Things that are here:
2 stones; a +0 dagger
There is a stone staircase leading up here.
There is a stone staircase leading down here.
You climb downwards.
There is a stone staircase leading up here.
A bat is nearby!
The blast of sand hits the bat!
You kill the bat!
Magic restored.
An orc priest comes into view. It is wielding a +0 hand axe.
Found a glowing pink potion.
The orc priest shouts!
An orc wizard comes into view. It is wielding a +0 dagger.
The blast of sand hits the orc priest but does no damage.
The orc wizard shouts!
You hear an angry hiss.
A frilled lizard comes into view.
You hear a shout!
The blast of sand hits the orc priest but does no damage.
The orc priest hits you with a +0 hand axe.
The blast of sand hits the orc priest.
The orc priest is lightly wounded.
The orc priest hits you with a +0 hand axe.
The orc wizard gestures wildly while chanting.
The orc wizard flickers and vanishes!
Deactivating autopickup; reactivate with Ctrl-A.
An orc comes into view. It is wielding a +0 dagger.
The orc priest hits you with a +0 hand axe.
You are too injured to fight recklessly!
Unknown command.
Unknown command.
You are too injured to fight recklessly!
Unknown command.
Casting: Sandblast (safe; 4% risk of failure)
Confirm with . or Enter, or press ? or * to list all spells.
Aiming: Sandblast (safe; 4% risk of failure)
Press: ? - help, Shift-Dir - straight line, f/p - orc priest
Aim: an orc priest, wielding a +0 hand axe and wearing a +0 leather armour (lightly wounded, 82% to hit)
The blast of sand hits the orc priest.
The orc priest is moderately wounded.
The orc priest looks encouraged for a moment.
Casting: Sandblast (safe; 4% risk of failure)
Confirm with . or Enter, or press ? or * to list all spells.
Aiming: Sandblast (safe; 4% risk of failure)
Press: ? - help, Shift-Dir - straight line, f/p - orc priest
Aim: an orc priest, wielding a +0 hand axe and wearing a +0 leather armour (moderately wounded, 82% to hit)
The blast of sand hits the orc priest!
The orc priest is almost dead.
The orc priest hits you with a +0 hand axe!
The orc priest hits you with a +0 hand axe.
* * * LOW HITPOINT WARNING * * *
It was a potion of attraction.
You feel attractive to monsters.
The orc priest hits you with a +0 hand axe.
You die...

..#. !.. ...
.o# #l# #{#
#o# #@####
#.#..# #.#..#
########.#..#
#..<.....#..#
#.#......#..#
#.#..†...#..#
#.#.........#
#.#########.#


You could see an orc priest, an orc and a frilled lizard.

Vanquished Creatures
  6 bats
  4 endoplasms
  2 giant cockroaches
  7 goblins
  2 hobgoblins (D:2)
  5 ball pythons
  4 frilled lizards
  11 kobolds
  4 rats
45 creatures vanquished.

Notes
Turn   | Place    | Note
-------+----------+-------------------------------------------
     0 | D:1      | GloriousHammer the Ogre Earth Elementalist began the quest
                  | for the Orb.
     0 | D:1      | Reached XP level 1. HP: 16/16 MP: 3/3
    50 | D:1      | Reached skill level 1 in Transmutations
   134 | D:1      | Reached XP level 2. HP: 24/24 MP: 2/5
   360 | D:1      | Learned a level 2 spell: Passwall
   610 | D:1      | Reached XP level 3. HP: 31/31 MP: 5/7
   937 | D:1      | Learned a level 3 spell: Stone Arrow
  1989 | D:2      | Found Hyeghiph's Weapon Boutique.
  2193 | D:3      | Slain by an orc priest

Illustrated notes

Levels and vault maps discovered:
D:1:      heliophobic_arrival_ceremonial_halls, layout_loops_ring
D:2:      wad_crossroads, layout_basic, serial_shops,
          nicolae_shop_bloodbath_and_beyond
D:3:      layout_basic, nemelex_spade_bored_becter, kennysheep_orc_sif_temple

Skill      XL: |  1  2 |
---------------+-------+-----
Transmutations | 1 |  1.7
Earth Magic    | 3 |  3.2
Spellcasting   | 3 |  3.2
Dodging        | |  1.7
Stealth        | |  1.4
Conjurations   | |  0.4

Action                     || total
---------------------------++-------
  Melee: Dagger            ||    31
   Cast: Sandblast         ||    68
    Use: Potion            ||     1
 Armour: Robe              ||     8
  Dodge: Dodged            ||    32
